 Dungeon Crawl Stone Soup version 0.22-a0-348-gd16d1391c7 (webtiles) character file.

140 Laan the Grave Robber (level 5, -3/35 HPs)
             Began as a Mummy Necromancer on Apr 12, 2018.
             Slain by Stone's ghost (6 damage)
             ... while paralysed by Grinder
             ... on level 3 of the Dungeon.
             The game lasted 00:05:35 (3393 turns).

Laan the Grave Robber (Mummy Necromancer)           Turns: 3393, Time: 00:05:36

Health: -3/35      AC:  4    Str: 12    XL:     5   Next: 2%
Magic:  11/11      EV:  2    Int: 15    God:
Gold:   81         SH:  0    Dex: 12    Spells: 8/12 levels left

rFire    x . .     SeeInvis .   g - -1 whip (curse)
rCold    + . .     Gourm    .   (no shield)
rNeg     + + +     Faith    .   a - +0 robe
rPois    ∞         Spirit   .   (no helmet)
rElec    .         Reflect  .   (no cloak)
rCorr    .         Harm     .   h - +0 pair of gloves
MR       .....                  i - +0 pair of boots
Stlth    ++........             (no amulet)
HPRegen  0.11/turn              (no ring)
MPRegen  0.12/turn              (no ring)

@: paralysed
A: no food or potions, fire vulnerability, cold resistance 1, negative energy
resistance 3, torment resistance, unbreathing
a: no special abilities


You were on level 3 of the Dungeon.
You were not hungry.

You visited 1 branch of the dungeon, and saw 3 of its levels.

You collected 81 gold pieces.

Inventory:

Hand Weapons
 d - a +0 dagger
 f - a +1 short sword of freezing
 g - a cursed -1 whip (weapon)
Missiles
 e - 3 javelins (quivered)
Armour
 a - a +0 robe (worn)
 h - a +0 pair of gloves (worn)
 i - a +0 pair of boots (worn)
Wands
 j - a wand of flame (28)
Scrolls
 b - a scroll of fear
 c - 10 scrolls of identify


   Skills:
 - Level 1.5 Dodging
 - Level 1.5 Stealth
 + Level 4.2 Spellcasting
 * Level 5.7 Necromancy


You had 8 spell levels left.
You knew the following spells:

 Your Spells              Type           Power        Failure   Level  Hunger
a - Pain                  Necr           ###.         1%          1    N/A
b - Vampiric Draining     Necr           ###.......   4%          3    N/A

Dungeon Overview and Level Annotations

Branches:
Dungeon (3/15)

Altars:
Dithmenos
Nemelex Xobeh

Annotations:
D:3 Grinder; Sigmund; Stone's ghost, amateur DsGl


Innate Abilities, Weirdness & Mutations

You do not eat or drink.
Your flesh is vulnerable to fire.
You are immune to poison.
Your flesh is cold resistant. (rC+)
You are immune to negative energy. (rN+++)
You are immune to unholy pain and torment.
You can survive without breathing.


Message History

You bump into the rock wall.
Grinder hits you!
Sigmund screams, "Only death can liberate you!"
You hit Grinder but do no damage. Grinder hits you. x2
You closely miss Grinder. Grinder hits you but does no damage.
You bump into the closed door.
You feel less confused. Stone's ghost hits you!
Grinder blinks!
You open the door. Stone's ghost closely misses you. Grinder gestures at you.
You suddenly lose the ability to move!
Stone's ghost hits you!
* * * LOW HITPOINT WARNING * * *
Sigmund hits you from afar with a scythe.
* * * LOW HITPOINT WARNING * * *
Stone's ghost hits you but does no damage.
Sigmund completely misses you. Grinder gestures at you.
You shrug off the repeated paralysis!
Stone's ghost hits you.
You die...

.# #.####..#......# ##
#...##.......#.#
###.###.####.#.# #.# #.
#.#.# #.# #.####'#.# ###
#.# #........# ..# ##.#
####.....## #.# ##..#
##W......##
..#######...####@...5....#
#..............'.........+
..#######..<####.@.......#
### #...# ##.......## #
#.### ##.....## #.#
##...## #.# ##'## #.# .#
.# .#


You could see Grinder, Sigmund and Stone's ghost.

Vanquished Creatures
  An orc wizard (D:3)
  2 adders
  2 dart slugs
  3 leopard geckos
  3 orcs (D:3)
  3 giant cockroaches
  12 goblins
  7 hobgoblins
  11 jackals
  10 kobolds
  3 quokkas
  5 bats
  5 frilled lizards
  8 rats
75 creatures vanquished.

Notes
Turn   | Place    | Note
-------+----------+-------------------------------------------
     0 | D:1      | Laan the Mummy Necromancer began the quest for the Orb.
     0 | D:1      | Reached XP level 1. HP: 13/13 MP: 4/4
   246 | D:1      | Reached XP level 2. HP: 14/19 MP: 3/6
  1096 | D:1      | Reached XP level 3. HP: 15/24 MP: 2/7
  1781 | D:2      | Reached skill level 5 in Necromancy
  1964 | D:2      | Reached XP level 4. HP: 26/30 MP: 3/9
  2378 | D:2      | Learned a level 3 spell: Vampiric Draining
  2514 | D:3      | Noticed Grinder
  2871 | D:3      | Found a shadowy altar of Dithmenos.
  2871 | D:3      | Found a sparkling altar of Nemelex Xobeh.
  3150 | D:3      | Noticed Stone's ghost (amateur DsGl)
  3233 | D:3      | Reached XP level 5. HP: 34/35 MP: 1/11
  3384 | D:3      | Noticed Sigmund
  3390 | D:3      | Paralysed by Grinder for 6 turns
  3393 | D:3      | Slain by Stone's ghost

Vault maps used:
D:1:      onia_arrival_mini_maze_b
D:3:      grunt_temple_overflow_open, first_ration, uniq_sigmund, uniq_grinder

Skill      XL: |  1  2  3  4 |
---------------+-------------+-----
Spellcasting   | 3 4 |  4.2
Necromancy     | 5 |  5.7
Dodging        | |  1.5
Stealth        | |  1.5

Action                   |  1- 3 |  4- 6 || total
-------------------------+-------+-------++-------
Melee: Dagger            |    27 |       ||    27
       Whip              |       |    11 ||    11
 Cast: Pain              |    93 |    56 ||   149
  Use: Scroll            |     2 |     1 ||     3
Armor: Robe              |    16 |     6 ||    22
Dodge: Dodged            |    53 |    15 ||    68

Table legend:
 A = Spawn XP
 B = Non-spawn XP
 C = Spawn XP percentage of total XP
 D = Spawn monster count
 E = Non-spawn monster count
 F = Spawn count percentage of total count
 G = Total turns spent on level
                    A         B        C        D         E        F      G
               +---------+---------+-------+---------+---------+-------+---------
         Total |       0 |     200 |   0.0 |       0 |      75 |   0.0 |  3393
               +---------+---------+-------+---------+---------+-------+---------
           D:1 |       0 |      54 |   0.0 |       0 |      30 |   0.0 |  1660
           D:2 |       0 |      63 |   0.0 |       0 |      28 |   0.0 |  1050
           D:3 |       0 |      83 |   0.0 |       0 |      17 |   0.0 |   683
               +---------+---------+-------+---------+---------+-------+---------
